 Dungeon Crawl Stone Soup version 0.31-a0-931-g7b59d4eb97 (webtiles) character file.

Game seed: 4753129953492097026

829 jasper the Geomancer (level 7, -3/34 (36) HPs)
             Began as a Deep Elf Earth Elementalist on Oct 19, 2023.
             Was an Initiate of Ru.
             Slain by a wight
             ... wielding a +2 dagger of freezing
              (7 damage)
             ... on level 6 of the Dungeon.
             The game lasted 00:06:17 (3670 turns).

jasper the Geomancer (Deep Elf Earth Elementalist)  Turns: 3670, Time: 00:06:18

HP:   -3/34 (36)    AC:  3    Str:  5    XL:     7   Next: 65%
MP:   10/16         EV: 12    Int: 22    God:    Ru [......]
Gold: 322           SH:  0    Dex: 15    Spells: 6/16 levels left

rFire   + . .        t - +2 spear (venom)
rCold   . . .        (no shield)
rNeg    . . .        a - +0 robe
rPois   +            u - +0 helmet of Wu Jian's Outrage {rPois}
rElec   .            (no cloak)
rCorr   .            (no gloves)
SInv    .            (no boots)
Will    .....        (no amulet)
Stlth   ++           h - ring of wizardry
HPRegen 0.25/turn    i - ring of protection from fire
MPRegen 0.15/turn

%: wizardry (x1)
@: drained
A: no striking features
a: Renounce Religion


You were on level 6 of the Dungeon.
You worshipped Ru.
Ru was noncommittal.
You visited 1 branch of the dungeon, and saw 5 of its levels.
You also visited: Ossuary.

You collected 322 gold pieces.

Inventory:

Hand Weapons
 d - a +0 spear
 f - a +0 battleaxe
 g - a +2 mace of protection
 t - a +2 spear of venom (weapon)
Missiles
 e - 44 stones
Armour
 a - a +0 robe (worn)
 n - a +0 kite shield
 u - the +0 helmet of Wu Jian's Outrage (worn) {rPois}
   (You took it off Robin on level 2 of the Dungeon)

   rPois:     It protects you from poison
Jewellery
 h - a ring of wizardry (left hand)
 i - a ring of protection from fire (right hand)
 o - a ring of positive energy
Wands
 m - a wand of iceblast (5)
 s - a wand of flame (43)
 z - a wand of charming (9)
Scrolls
 c - 4 scrolls of teleportation
 j - 3 scrolls of immolation
 x - 2 scrolls of vulnerability
Potions
 b - a potion of magic
 k - 2 potions of resistance
 l - a potion of brilliance
 p - 5 potions of heal wounds
 q - a potion of might
 v - a potion of invisibility
 w - 3 potions of curing {unknown}
 A - a potion of attraction {unknown}
 B - 4 potions of lignification {unknown}
 C - 2 potions of degeneration {unknown}
 E - 3 potions of ambrosia {unknown}
 F - a potion of cancellation {unknown}
 G - a potion of haste {unknown}


   Skills:
 - Level 2.4 Dodging
 - Level 2.4 Stealth
 - Level 5.0 Spellcasting
 - Level 1.1 Transmutations
 + Level 9.5 Earth Magic


You had 6 spell levels left.
You knew the following spells:

 Your Spells              Type           Power      Damage    Failure   Level
a - Sandblast             Erth           94%        2d19      1%          1
b - Passwall              Tmut/Erth      23%        N/A       1%          2
c - Stone Arrow           Conj/Erth      52%        3d10      1%          3
d - Brom's Barrelling Bo  Conj/Erth      26%        2d5       6%          4

Your spell library contained the following spells:

 Spells                   Type           Power      Damage    Failure   Level
 Petrify                  Tmut/Erth      28%        N/A       4%          4
 Hailstorm                Conj/Ice       5%         3d4       12%         3
 Summon Ice Beast         Ice/Summ       5%         N/A       36%         4
 Simulacrum               Ice/Necr       2%         N/A       99%         6


Dungeon Overview and Level Annotations

Branches:
Dungeon (4/15)            Ossuary (visited)
 Temple: D:4-7

Altars:
Dithmenos
Ru

Shops:
D:3 (


Message History

The blast of sand hits the wight!
The wight is severely damaged.
The wight closely misses you.
The wight hits you with a +2 dagger of freezing!
The wight freezes you.
You take 10 damage, and have 26/36 hp.
MASSIVE DAMAGE!!
You now have 13/16 mp.
Aiming: Sandblast (safe; 1% risk of failure)
Press: ? - help, Q - select action, (/) - cycle Shift-Dir - straight line, f/p - wight
Aim: a wight, wielding a +2 dagger of freezing and wearing a +0 robe (severely damaged, 85% to hit)
The blast of sand misses the wight.
The wight hits you with a +2 dagger of freezing!
The wight freezes you.
You take 12 damage, and have 14/36 hp.
MASSIVE DAMAGE!!
You now have 12/16 mp.
Aiming: Sandblast (safe; 1% risk of failure)
Press: ? - help, Q - select action, (/) - cycle Shift-Dir - straight line, f/p - wight
Aim: a wight, wielding a +2 dagger of freezing and wearing a +0 robe (severely damaged, 85% to hit)
The blast of sand hits the wight but does no damage.
The wight is severely damaged.
The wight hits you with a +2 dagger of freezing.
You feel drained. The wight freezes you. The wight closely misses you.
You take 2 damage, and have 12/35 hp.
Aiming: Sandblast (safe; 1% risk of failure)
Press: ? - help, Q - select action, (/) - cycle Shift-Dir - straight line, f/p - wight
Aim: a wight, wielding a +2 dagger of freezing and wearing a +0 robe (severely damaged, 85% to hit)
The blast of sand hits the wight.
The wight is almost destroyed.
The wight hits you with a +2 dagger of freezing.
* * * LOW HITPOINT WARNING * * *
You feel drained.
* * * LOW HITPOINT WARNING * * *
The wight freezes you.
* * * LOW HITPOINT WARNING * * *
You take 8 damage, and have 4/34 hp.
MASSIVE DAMAGE!!
You now have 11/16 mp.
Aiming: Sandblast (safe; 1% risk of failure)
Press: ? - help, Q - select action, (/) - cycle Shift-Dir - straight line, f/p - wight
Aim: a wight, wielding a +2 dagger of freezing and wearing a +0 robe (severely damaged, 85% to hit)
The blast of sand hits the wight but does no damage.
The wight is severely damaged.
The wight hits you with a +2 dagger of freezing!
You die...

..######.....#
#######.....##
............##
#.......#
............#
#.......#
............##
##.......##
.............##
#.........##
#.....######..###
#........K..## #....##
##...##.......##....##
##...#
##..............#...#
##..#
##.@z...........#...
##..
##............##...
##. #............###..
#.................
..........##......
.........# ##.....
.####...# ##...K .#
#..# #..)) #....


You could see a wight.

Vanquished Creatures
  Menkaure (D:6)
  A water moccasin (D:6)
  A black bear (D:6)
  A kobold brigand (D:6)
  A scorpion (D:6)
  A wight (D:6)
  A howler monkey (D:6)
  2 iguanas
  Natasha (D:2)
  An orc wizard (D:6)
  8 mummies (Ossuary)
  Robin (D:2)
  2 adders
  2 worms (D:3)
  3 dart slugs
  3 orcs (D:6)
  A bat (D:3)
  8 endoplasms
  2 giant cockroaches
  2 gnoll zombies (Ossuary)
  15 goblins
  10 hobgoblins
  A jackal (D:2)
  10 kobolds
  5 quokkas
  5 ball pythons
  3 frilled lizards
  3 hobgoblin zombies (Ossuary)
  A kobold zombie (Ossuary)
  2 orc zombies (Ossuary)
  4 rats (D:1)
102 creatures vanquished.

Notes
Turn   | Place    | Note
-------+----------+-------------------------------------------
     0 | D:1      | jasper the Deep Elf Earth Elementalist began the quest for
                  | the Orb.
     0 | D:1      | Reached XP level 1. HP: 10/10 MP: 6/6
   195 | D:1      | Reached XP level 2. HP: 15/15 MP: 5/8
   198 | D:1      | Learned a level 2 spell: Passwall
   611 | D:1      | Reached skill level 4 in Earth Magic
   730 | D:1      | Reached XP level 3. HP: 19/19 MP: 8/10
   734 | D:1      | Learned a level 3 spell: Stone Arrow
  1021 | D:2      | Identified the +0 helmet of Wu Jian's Outrage {rPois}
  1021 | D:2      | Noticed Robin
  1028 | D:2      | Killed Robin
  1425 | D:2      | Reached XP level 4. HP: 24/24 MP: 10/12
  1430 | D:2      | Learned a level 4 spell: Brom's Barrelling Boulder
  1550 | D:2      | Noticed Natasha
  1555 | D:2      | Killed Natasha
  1627 | D:2      | Reached skill level 5 in Spellcasting
  1932 | D:3      | Reached skill level 5 in Earth Magic
  2351 | D:3      | Found Qesiahug's Antique Weapon Boutique.
  2616 | D:3      | Found a sacrificial altar of Ru.
  2708 | D:3      | Became a worshipper of Ru the Awakened
  2772 | D:4      | Found a shadowy altar of Dithmenos.
  2776 | D:4      | Reached XP level 5. HP: 28/28 MP: 10/14
  2881 | D:4      | Found a sand-covered staircase.
  2888 | Ossuary  | Entered an ossuary
  2925 | Ossuary  | Reached skill level 6 in Earth Magic
  3080 | Ossuary  | Reached XP level 6. HP: 32/32 MP: 11/15
  3293 | D:4      | You fall into a shaft and drop 2 floors!
  3408 | D:6      | Reached skill level 7 in Earth Magic
  3484 | D:6      | Reached skill level 8 in Earth Magic
  3520 | D:6      | Noticed a water moccasin
  3522 | D:6      | Noticed Menkaure
  3524 | D:6      | Killed a water moccasin
  3525 | D:6      | Reached XP level 7. HP: 17/36 MP: 11/16
  3531 | D:6      | Killed Menkaure
  3532 | D:6      | Reached skill level 9 in Earth Magic
  3670 | D:6      | Slain by a wight

Illustrated notes

Levels and vault maps discovered:
D:1:      dpeg_arrival_leaves_temple_mockup, layout_basic, serial_curves,
          eino_curves_03, eino_curves_02
D:2:      layout_basic, minmay_close_crescents, uniq_natasha, uniq_robin
D:3:      layout_basic, nicolae_ru_path_of_blood, serial_shops, shop,
          supply_closet_lemuel, dreamdust_mushroom_princess, st_stairs_14
D:4:      layout_gridville, mainiacjoe_overflow_brackets,
          chequers_temple_overflow_minitemple, nicolae_ossuary_entry_monument,
          nicolae_custom_books
D:6:      layout_layer_cave, vehumet_statue, serial_shops,
          nicolae_shop_tiny_waterfront, chequers_serial_rivers_micro_e,
          kb_lookout_dungeons_type, uniq_menkaure, uniq_jeremiah

Skill      XL: |  1  2  3  4  5  6  7 |
---------------+----------------------+-----
Spellcasting   | 4 5 |  5.0
Earth Magic    | 4 5 6 8 9 |  9.5
Dodging        | |  2.4
Stealth        | |  2.4
Transmutations | |  1.1

Action                     |  1- 3 |  4- 6 |  7- 9 || total
---------------------------+-------+-------+-------++-------
  Melee: Battleaxe         |     1 |       |       ||     1
  Throw: Stone             |     1 |       |       ||     1
   Cast: Sandblast         |    57 |    88 |    19 ||   164
    Use: Scroll            |       |    13 |       ||    13
         Potion            |       |       |     1 ||     1
 Armour: Robe              |     5 |    18 |    15 ||    38
  Dodge: Dodged            |     8 |    15 |     7 ||    30

Table legend: (Time is in decaauts)
 A = Elapsed time spent in this place.
 B = Non-inter-level travel time spent in this place.
 C = Inter-level travel time spent in this place.
 D = Time resting spent in this place.
 E = Time spent auto-exploring this place.
 F = Levels seen in this place.
 G = Mean time per level.
                   A        B        C        D        E       F      G
               +--------+--------+--------+--------+--------+-----+--------+
         Total |   3750 |   3578 |    172 |     75 |   2879 |   6 |  625.0 |
       Dungeon |   3381 |   3209 |    172 |     75 |   2614 |   5 |  676.2 |
       Ossuary |    368 |    368 |      0 |      0 |    265 |   1 |  368.0 |
               +--------+--------+--------+--------+--------+-----+--------+

Top non-repeatable levels by time:
     D:2: 1117 daAuts
     D:3: 862 daAuts
     D:1: 836 daAuts
     D:6: 395 daAuts
 Ossuary: 368 daAuts
     D:4: 169 daAuts
